[Event "Early-Titled-Tuesday-Blitz-February-13-2024"]
[Site "Chess.com"]
[Date "2024.02.13"]
[Round "2"]
[White "Grandelicious"]
[Black "Grossboss19"]
[Result "1-0"]
[WhiteElo "2893"]
[BlackElo "2605"]
[TimeControl "180+1"]
[EndTime "8:19:46 PST"]
[Termination "Grandelicious won by checkmate"]

1. e4 c6 2. d4 d5 3. exd5 cxd5 4.
Nf3 Nc6 5. c4 Bg4 6. cxd5 Qxd5 7. Nc3 Qh5 8. d5 O-O-O 9. Bf4 e5 10. Be3 e4 11. Qa4 Nb4 12. Rc1 a6 13. Nd4 Kb8 14. a3 Nxd5 15. Nxd5 Qxd5 16. Bxa6 Bc5 17. Bc4 Qe5 18.
Qa5 Ne7 19. Nc6+ Nxc6 20. Qxc5 Qxc5 21. Bxc5 Be6 22. Bxe6 fxe6 23. Ke2 Ne5 24. Be3 Nd3 25. Rc4 Nxb2 26. Rxe4 Rc8 27. Rb1 Rc2+ 28. Kf1 Nc4 29. Bf4+ e5 30. Bxe5+ Ka8 31. Bf4 Rf8 32. g3 g5 33. Rb4 Nxa3 34. Ra4# 1-0

[Event "Early-Titled-Tuesday-Blitz-February-13-2024"]
[Site "Chess.com"]
[Date "2024.02.13"]
[Round "2"]
[White "jaskol95"]
[Black "maciek_92"]
[Result "0-1"]
[WhiteElo "2575"]
[BlackElo "2822"]
[TimeControl "180+1"]
[EndTime "8:19:46 PST"]
[Termination "maciek_92 won by checkmate"]

1. d4 d6 2. e4 Nd7 3. Nc3 e5 4. f4 Ngf6 5. Nf3 exd4 6. Qxd4 c6 7. Be3 Qa5 8. O-O-O Be7 9. e5 dxe5 10. fxe5 Bc5 11. Qf4 Nh5 12. Qg5 h6 13. Qxh5 Bxe3+ 14. Kb1 Nb6 15.
Bd3 Be6 16. Rhe1 Bc5 17. Bf5 Bxf5 18. Qxf5 Bb4 19. Ne4 O-O 20. Rd4 Be7 21. Red1 Rad8 22. Qg4 Rxd4 23. Nxd4 Qxe5 24. Nf5 Kh8 25. c3 Bf6 26.
Nd4 Re8 27. Nxf6 Qxf6 28. a3 Nd5 29. Qd7 Re7 30. Qd8+ Kh7 31. Qb8 Qg6+ 32. Ka2 Qxg2 33. Qd6 Nxc3+ 34. Kb3 Nxd1 35. Qxe7 Qxb2+ 36. Kc4 Qc3# 0-1

[Event "Early-Titled-Tuesday-Blitz-February-13-2024"]
[Site "Chess.com"]
[Date "2024.02.13"]
[Round "2"]
[White "maicolbenavides"]
[Black "SpongeBob_03"]
[Result "1-0"]
[WhiteElo "2498"]
[BlackElo "2214"]
[TimeControl "180+1"]
[EndTime "8:19:47 PST"]
[Termination "maicolbenavides won by checkmate"]

1. e4 c5 2. Nf3 a6 3. c4 Nc6 4. d4 Nxd4 5. Nxd4 cxd4 6. Qxd4 d6 7. Nc3 Nf6 8. Be2 e5 9. Qd1 Be6 10. O-O Rc8 11. Qa4+ Qd7 12. Qxd7+ Nxd7 13. b3 g6 14. Be3 Bg7 15. Rac1 O-O 16. Nd5 Nb8 17.
Rfd1 Nc6 18. Nb6 Rcd8 19. Rd2 Nd4 20. Rcd1 f5 21. exf5 Bxf5 22. Bxd4 exd4 23. Bf3 h5 24. Bxb7 d3 25. Bxa6 Bc3 26. Rxd3 Bxd3 27. Rxd3 Rfe8 28. g3 Re1+ 29. Kg2 Be5 30. c5 Re2 31. c6 Rf8 32. Rf3 Rxf3 33. Kxf3 Rxf2+ 34. Ke4 Rf5 35. Nd5 Rf8 36.
c7 Kf7 37. c8=Q Rxc8 38. Bxc8 g5 39. a4 Kg6 40. a5 h4 41. gxh4 gxh4 42. h3 Bh2 43. a6 Bg1 44. Ne3 d5+ 45. Kd3 Kg5 46. a7 Kf4 47. a8=Q Bxe3 48. Qxd5 Kg3 49. Kxe3 Kh2 50.
Qg5 Kh1 51. Kf2 Kh2 52. Qg2# 1-0

[Event "Early-Titled-Tuesday-Blitz-February-13-2024"]
[Site "Chess.com"]
[Date "2024.02.13"]
[Round "2"]
[White "Kotofeyca"]
[Black "Canal_Showdrez"]
[Result "0-1"]
[WhiteElo "2431"]
[BlackElo "2083"]
[TimeControl "180+1"]
[EndTime "8:19:47 PST"]
[Termination "Canal_Showdrez won by resignation"]

1. d4 Nf6 2. c4 g6 3. f3 Bg7 4. e4 d6 5. Nc3 e5 6. Nge2 Nc6 7.
Be3 Nd7 8. Qd2 exd4 9. Nxd4 Nxd4 10. Bxd4 Bxd4 11. Qxd4 Qf6 12. Qd2 O-O 13. Nd5 Qd8 14. O-O-O b6 15. h4 Bb7 16. h5 Bxd5 17. hxg6 fxg6 18. Qxd5+ Rf7 19. Rxh7 Kxh7 20. Qxf7+ Kh8 21. Be2 Qg5+ 22. f4 Qxg2 23. Qxd7 Qxe2 24. Rh1+ Kg8 25. Qe6+ Kg7 26. Qe7+ Kg8 27. Qh7+ Kf8 28. Qh8+ Ke7 29. Rh7+ Ke6 30. f5+ gxf5 31. exf5+ Kxf5 32. Rf7+ Kg5 33. Qxa8 Qxc4+ 34. Kd2 Qxf7 35. Qxa7 Qd5+ 36. Kc3 Qa5+ 37.
Qxa5+ bxa5 38. b4 a4 39. b5 Kf5 40. Kb4 d5 41. Kxa4 d4 42. Kb3 Ke4 43. Kc2 Ke3 44. Kd1 Kd3 45. a4 Kc4 46. a5 Kxb5 47. a6 Kxa6 48. Kd2 c5 49. Kd3 Kb5 0-1

[Event "Early-Titled-Tuesday-Blitz-February-13-2024"]
[Site "Chess.com"]
[Date "2024.02.13"]
[Round "2"]
[White "HelvertHernandez"]
[Black "amylazy"]
[Result "0-1"]
[WhiteElo "1950"]
[BlackElo "2438"]
[TimeControl "180+1"]
[EndTime "8:19:47 PST"]
[Termination "amylazy won by resignation"]

1. e4 c5 2. Nf3 e6 3. d4 cxd4 4. Nxd4 a6 5. Bd3 Bc5 6. Be3 Nf6 7. O-O d6 8. Nc3 Nbd7 9. f3 O-O 10. Qd2 Qc7 11.
Nb3 Bxe3+ 12. Qxe3 Ne5 13. Kh1 b5 14. g4 Bb7 15. h4 d5 16. exd5 Nxd5 17. Nxd5 Bxd5 18. Be4 Bxe4 19. Qxe4 Rac8 20. c3 Nc4 21. Rf2 Rfd8 22. Kg2 Qb6 23. Nd4 b4 24. Rc1 bxc3 25. bxc3 e5 26.
Nf5 Rc7 27. h5 h6 28. g5 hxg5 29. Rh1 Nd6 30. Nxd6 Qxd6 31. Qf5 Qf6 32. Qg4 Rd3 33. c4 Rd4 34. Qg3 Rcxc4 35. Rb1 Kh7 36. Re2 g4 37. Rxe5 gxf3+ 38. Kf2 Rd2+ 39. Ke3 Qd6 40. Qg6+ fxg6 41. hxg6+ Kxg6 42. Rg1+ Rg2 43. Rxg2+ fxg2 44. Re8 Qd4+ 45. Kf3 Rc3+ 46. Kxg2 Qd2+ 47. Kf1 Rc1+ 0-1

[Event "Early-Titled-Tuesday-Blitz-February-13-2024"]
[Site "Chess.com"]
[Date "2024.02.13"]
[Round "2"]
[White "mr_gustavo"]
[Black "Pawnpusher1245"]
[Result "1-0"]
[WhiteElo "2743"]
[BlackElo "2395"]
[TimeControl "180+1"]
[EndTime "8:19:48 PST"]
[Termination "mr_gustavo won by resignation"]

1. Nf3 Nf6 2. g3 d5 3. Bg2 c6 4. O-O e6 5. d3 Nbd7 6. Nbd2 g6 7. e4 dxe4 8. dxe4 e5 9. Nc4 Qc7 10. a4 Be7 11. Qe2 O-O 12. Bh6 Re8 13. h3 b6 14.
b3 Bb4 15. Bd2 Bf8 16. Bc3 b5 17. Ba5 Qb7 18. Ncd2 a6 19. Bc3 Qc7 20. Bb2 Nc5 21. axb5 cxb5 22. Ne1 Bb7 23. Kh1 Bc6 24. Nd3 Nxd3 25.
cxd3 Qd7 26. Rfd1 Qe6 27. Nf3 Nd7 28. d4 Qxb3 29. dxe5 Nc5 30. Nd4 Qc4 31. Qxc4 bxc4 32. Nxc6 Nd3 33. Bd4 Rec8 34. Na5 Bb4 35. Nb7 a5 36.
Nd6 Rc6 37. Nxc4 Rxc4 38. Rxd3 Rd8 39. Rad1 a4 40. Kh2 a3 41. Ba1 Rxd3 42. Rxd3 Rc1 43.
Rb3 Rb1 44. Rxb1 1-0

[Event "Early-Titled-Tuesday-Blitz-February-13-2024"]
[Site "Chess.com"]
[Date "2024.02.13"]
[Round "2"]
[White "Licancabur"]
[Black "FMJoseHerrera"]
[Result "1-0"]
[WhiteElo "2433"]
[BlackElo "2719"]
[TimeControl "180+1"]
[EndTime "8:19:48 PST"]
[Termination "Licancabur won by resignation"]

1. d4 Nf6 2. Bg5 c5 3. Nc3 cxd4 4. Qxd4 Nc6 5. Qh4 g6 6. Bxf6 exf6 7. O-O-O Bg7 8. e3 O-O 9. Nf3 b5 10. Bxb5 Qa5 11.
Qa4 Qb6 12. Nd5 Qb8 13. Bxc6 dxc6 14. Qxc6 f5 15. c3 Be6 16. Nd4 Bxd5 17. Qxd5 Qb6 18. Qb3 Qa6 19. Qa3 Qf6 20. h4 h5 21. Rd2 a5 22. Rhd1 Qxh4 23. g3 Qf6 24. Nb5 a4 25.
Rd6 Qg5 26. Nc7 Ra7 27. Nd5 Rb8 28. Qc5 Rab7 29. Rd2 Bf8 30. Qc6 Bxd6 31. Qxd6 Kg7 32. Qe5+ f6 33. Qd6 Qg4 34. Nf4 Qf3 35. Qe6 Rf7 36.
Rd7 Rf8 37. Rxf7+ Rxf7 38. Qc4 Qxf2 39. Ne6+ Kh7 40. Nf4 Qxe3+ 41. Kc2 Rd7 42. a3 Qe4+ 43. Qxe4 fxe4 44. Ne6 f5 45. Nf8+ Kh6 46. Nxd7 Kg5 47. Kd2 Kg4 48. Ne5+ Kxg3 49. Nxg6 f4 50. c4 e3+ 51. Ke2 f3+ 52. Kxe3 f2 53. Ke2 h4 54. Nxh4 Kxh4 55. c5 Kg5 56. c6 1-0

[Event "Early-Titled-Tuesday-Blitz-February-13-2024"]
[Site "Chess.com"]
[Date "2024.02.13"]
[Round "2"]
[White "ploxoi"]
[Black "pfalcon1949"]
[Result "1-0"]
[WhiteElo "2436"]
[BlackElo "1911"]
[TimeControl "180+1"]
[EndTime "8:19:48 PST"]
[Termination "ploxoi won by checkmate"]

1. d4 Nf6 2. c4 c5 3. d5 b5 4. cxb5 a6 5. bxa6 g6 6. Nc3 Bg7 7. g3 O-O 8. Bg2 d6 9. Nf3 Nxa6 10. O-O Bf5 11. h3 Nb4 12. Ne1 Qa5 13. Bd2 Rfb8 14. a3 Na6 15. b3 Ne8 16. e4 Nec7 17. Qc2 Bd7 18. Nd3 Nb5 19. Nxb5 Qxb5 20. Rab1 Rc8 21. Rfc1 Nc7 22. a4 Qa6 23. Bf1 Qa7 24. Bc3 Bxc3 25. Qxc3 Ne8 26. Nb2 Nf6 27. Qc2 h5 28. Nc4 Rcb8 29.
Kg2 Qb7 30. Bd3 Qc8 31. h4 Bg4 32. f3 Bh3+ 33. Kf2 Bd7 34. Qc3 Qc7 35. Re1 e6 36.
Qxf6 exd5 37. exd5 Ra6 38. Re7 Rf8 39. Bxg6 Be8 40.
Rxc7 Ra8 41. Re1 Rd8 42. Rxe8 Rdxe8 43. Bxf7+ Rxf7 44. Qxf7+ Kh8 45. Qg7# 1-0

[Event "Early-Titled-Tuesday-Blitz-February-13-2024"]
[Site "Chess.com"]
[Date "2024.02.13"]
[Round "2"]
[White "Durarbayli"]
[Black "Iskusnyh"]
[Result "0-1"]
[WhiteElo "2926"]
[BlackElo "2650"]
[TimeControl "180+1"]
[EndTime "8:19:50 PST"]
[Termination "Iskusnyh won on time"]

1. e4 e6 2. d4 d5 3. Nc3 Nf6 4. e5 Nfd7 5. f4 c5 6. Nf3 Nc6 7. Be3 Rb8 8. a3 cxd4 9. Nxd4 Bc5 10. Qd2 O-O 11. O-O-O a6 12. h4 Bxd4 13. Bxd4 b5 14. Ne2 b4 15. axb4 Rxb4 16. Bc3 Rb8 17. Nd4 Qc7 18. f5 Nc5 19. Nxc6 Qxc6 20. f6 Ne4 21. Qd4 Bd7 22. Bd3 Nxc3 23. bxc3 Qb6 24. Rhf1 Rfc8 25.
Kd2 Bb5 26. fxg7 Bxd3 27. Qxb6 Rxb6 28. cxd3 Rb2+ 29. Ke3 Rxc3 30. Rc1 Rxc1 31. Rxc1 Rxg2 32. Ra1 Rh2 33. Ra4 Kxg7 34. Kf3 h5 35. Kg3 Rd2 36.
d4 Kg6 37. Kf4 Rd3 0-1

[Event "Early-Titled-Tuesday-Blitz-February-13-2024"]
[Site "Chess.com"]
[Date "2024.02.13"]
[Round "2"]
[White "GulamaliRises"]
[Black "Radzio1987"]
[Result "1-0"]
[WhiteElo "2639"]
[BlackElo "2897"]
[TimeControl "180+1"]
[EndTime "8:19:50 PST"]
[Termination "GulamaliRises won on time"]

1. e4 c5 2. Nf3 d6 3. d4 cxd4 4. Qxd4 a6 5. c4 Nc6 6. Qe3 Nf6 7. h3 g6 8. Nc3 Bg7 9. Be2 O-O 10. O-O Be6 11.
b3 Nxe4 12. Bb2 Nxc3 13. Bxc3 Bxc3 14. Qxc3 Qa5 15. Qe3 Qc5 16. Qh6 f6 17. Rfe1 Bf7 18. Bd3 Ne5 19. Be4 Rab8 20. Rad1 b5 21. cxb5 Rxb5 22.
Rc1 Qb4 23. Qe3 Nxf3+ 24. Qxf3 Re5 25. Re3 Qd2 26. Rc7 d5 27. Bd3 Rxe3 28. Qxe3 Qd1+ 29.
Kh2 e5 30. Bxa6 d4 31. Qe4 Qd2 32. f3 Qa5 33. Qb7 Qd5 34. Rxf7 Qxb7 35. Rxb7 1-0

[Event "Early-Titled-Tuesday-Blitz-February-13-2024"]
[Site "Chess.com"]
[Date "2024.02.13"]
[Round "2"]
[White "bancsoo"]
[Black "Alex_Banzea"]
[Result "1-0"]
[WhiteElo "2909"]
[BlackElo "2614"]
[TimeControl "180+1"]
[EndTime "8:19:50 PST"]
[Termination "bancsoo won by resignation"]

1. Nf3 Nf6 2. g3 g6 3. Bg2 Bg7 4. d4 O-O 5. c4 d6 6. Nc3 Nc6 7. O-O e5 8. dxe5 dxe5 9. Be3 Be6 10. Qa4 Qc8 11. Rad1 Bh3 12. Nd5 Bxg2 13. Kxg2 Re8 14.
b4 e4 15. Nd4 Ne5 16. Qb3 c6 17. Nxf6+ Bxf6 18. Bf4 Bg7 19. c5 a5 20. b5 Nd3 21.
exd3 Bxd4 22. Qc4 Be5 23. Be3 cxb5 24. Qxb5 exd3 25. Rxd3 h5 26. Rd7 Qc6+ 27. Qxc6 bxc6 28. Rb1 Reb8 29. Rb6 a4 30. Re7 Bf6 31. Rc7 a3 32.
Rcxc6 Bg7 33. Rxb8+ Rxb8 34. Ra6 Bb2 35. c6 Rc8 36. Bf4 f6 37. h4 Kf7 38. Kf3 Ke6 39. Ke4 Be5 40. Bxe5 fxe5 41. c7+ Kf7 42. Rc6 1-0

[Event "Early-Titled-Tuesday-Blitz-February-13-2024"]
[Site "Chess.com"]
[Date "2024.02.13"]
[Round "2"]
[White "EvgenyBurmakin"]
[Black "PavelShkapenko"]
[Result "0-1"]
[WhiteElo "2419"]
[BlackElo "2765"]
[TimeControl "180+1"]
[EndTime "8:19:50 PST"]
[Termination "PavelShkapenko won on time"]

1. e4 e5 2. Nf3 Nc6 3. Bb5 Bc5 4.
O-O d6 5. h3 Ne7 6. c3 Bd7 7.
d4 Bb6 8. Be3 O-O 9. Nbd2 Nxd4 10. Bc4 Nxf3+ 11. Qxf3 Bxe3 12. fxe3 Be6 13. Rf2 Qd7 14.
Raf1 Ng6 15. Qh5 Bxc4 16. Nxc4 Kh8 17. Nd2 f6 18. Nb3 Qc6 19. Qg4 a5 20. Nc1 Ne7 21.
Ne2 Rad8 22. Ng3 Qd7 23. Qh4 Qe6 24. Nh5 Ng6 25. Qg3 Qxa2 26. h4 Qf7 27. Qg4 Ne7 28.
Ng3 Qg6 29. Qh3 h5 30. Nf5 Nxf5 31. Rxf5 Qg4 32. Qh2 Kg8 33. R1f3 Qxe4 34. Rxh5 Qb1+ 35. Rf1 Qxb2 36. Rhf5 Qxc3 37. h5 Qxe3+ 38. Kh1 Qh6 39. R5f3 a4 40. Rg3 Kh8 41. Rg6 Qh7 0-1

[Event "Early-Titled-Tuesday-Blitz-February-13-2024"]
[Site "Chess.com"]
[Date "2024.02.13"]
[Round "2"]
[White "GMBenjaminBok"]
[Black "Roman_Ovetchkin"]
[Result "1-0"]
[WhiteElo "2960"]
[BlackElo "2640"]
[TimeControl "180+1"]
[EndTime "8:19:51 PST"]
[Termination "GMBenjaminBok won by resignation"]

1. d4 Nf6 2. c4 c5 3. Nf3 cxd4 4. Nxd4 Qc7 5. Nc3 a6 6. e4 e6 7. Be2 Nc6 8. O-O Bd6 9. h3 Bh2+ 10. Kh1 Nxd4 11. Qxd4 Be5 12. Qd3 b6 13. Be3 Bb7 14. Bd4 O-O 15. Bxe5 Qxe5 16. f4 Qc7 17. e5 Ne8 18. Rad1 Rd8 19. Bf3 Bxf3 20. Rxf3 f6 21. Rdf1 d6 22. exf6 Nxf6 23. Re1 Rfe8 24. Rfe3 Qf7 25.
b3 h6 26. Qd4 b5 27. cxb5 axb5 28. Nxb5 d5 29. Nc3 Nh5 30. Rf3 g6 31. a4 Ng7 32.
Kh2 Nf5 33. Qe5 h5 34. Nb5 h4 35. Rc3 Qg7 36. Qxg7+ Kxg7 37. Nc7 1-0

[Event "Early-Titled-Tuesday-Blitz-February-13-2024"]
[Site "Chess.com"]
[Date "2024.02.13"]
[Round "2"]
[White "BelaKis"]
[Black "Mr_ruthless"]
[Result "0-1"]
[WhiteElo "2192"]
[BlackElo "2492"]
[TimeControl "180+1"]
[EndTime "8:19:51 PST"]
[Termination "Mr_ruthless won on time"]

1. d4 Nf6 2. c4 c5 3. d5 e6 4. Nc3 exd5 5. cxd5 d6 6. e4 g6 7. h3 Bg7 8. Bg5 O-O 9. Nf3 Re8 10. Bd3 h6 11.
Be3 b5 12. Bxb5 Nxe4 13. Bxe8 Nxc3 14. bxc3 Bxc3+ 15. Kf1 Qxe8 16. Kg1 Bxa1 17. Qxa1 Kh7 18. Kh2 Nd7 19. Re1 Qh8 20. Qc1 Ne5 21. Bxh6 Nxf3+ 22.
gxf3 Qf6 23. Kg3 Bb7 24. Bg5 Qf5 25. Re7 Bxd5 26. f4 Rb8 27. Qc3 c4 28. Qf6 Rb1 29. Re8 Rg1+ 30. Kh4 Qxf6 31. Bxf6 g5+ 32. Bxg5 c3 33.
f5 c2 34. Bf6 Rg8 0-1

[Event "Early-Titled-Tuesday-Blitz-February-13-2024"]
[Site "Chess.com"]
[Date "2024.02.13"]
[Round "2"]
[White "jefferyx"]
[Black "Alexchess1984"]
[Result "1-0"]
[WhiteElo "3010"]
[BlackElo "2663"]
[TimeControl "180+1"]
[EndTime "8:19:52 PST"]
[Termination "jefferyx won by resignation"]

1. e4 c5 2. Nf3 Nc6 3. Bb5 Nf6 4. Nc3 g6 5. e5 Ng4 6. Bxc6 dxc6 7. h3 Nh6 8. Ne4 b6 9. d3 Nf5 10. Bf4 Bg7 11.
Qd2 Nd4 12. Nxd4 Qxd4 13. Qc3 O-O 14. Bg3 Bf5 15. Nd2 Qxc3 16. bxc3 f6 17. Nf3 Be6 18. c4 f5 19. Bf4 h6 20. h4 Rab8 21. a4 a6 22. Ke2 b5 23. axb5 axb5 24. cxb5 cxb5 25. Ra6 Kf7 26. h5 gxh5 27. Rxh5 Ra8 28. Rb6 Rab8 29. Rxb8 Rxb8 30. Nh4 b4 31. Nxf5 Bxf5 32. Rxf5+ Kg6 33. g4 b3 34. cxb3 Rxb3 35. e6 Bd4 36. Be3 Rb6 37.
Bxd4 cxd4 38. Re5 Kf6 39. f4 Rxe6 40. Rxe6+ Kxe6 41. Kf3 Kd5 42. Kg3 Ke6 43. Kg2 Kf6 44. Kf3 e5 45. f5 h5 46. gxh5 Kxf5 47. h6 Kg6 48. Ke4 Kxh6 49. Kxe5 Kg6 50. Kxd4 Kf6 51.
Kd5 Ke7 52. Kc6 Kd8 53. d4 Kc8 54. d5 Kd8 55. Kd6 Ke8 56. Kc7 1-0

[Event "Early-Titled-Tuesday-Blitz-February-13-2024"]
[Site "Chess.com"]
[Date "2024.02.13"]
[Round "2"]
[White "zverr1"]
[Black "rezamahdavi2008"]
[Result "0-1"]
[WhiteElo "2582"]
[BlackElo "2836"]
[TimeControl "180+1"]
[EndTime "8:19:52 PST"]
[Termination "rezamahdavi2008 won by checkmate"]

1. e4 c5 2. Nf3 d6 3. Nc3 Nf6 4. e5 dxe5 5. Nxe5 a6 6. g3 Qd6 7.
f4 Nc6 8. Nc4 Qe6+ 9. Ne3 h5 10.
Bg2 h4 11. Nd5 Nxd5 12. Bxd5 Qh6 13. c3 hxg3 14. hxg3 Qxh1+ 15. Bxh1 Rxh1+ 16. Nf1 Bh3 17. Qb3 Rxf1+ 18. Ke2 O-O-O 19. Qxf7 Ne5 20. Qg8 Nf3 21. Qh7 Ng1+ 22. Ke3 e6 23. d4 cxd4+ 24. cxd4 Rf3+ 25. Kd2 Rxd4+ 26. Kc2 Bf5+ 27. Qxf5 exf5 28. Bd2 Rf2 29.
Rxg1 Rdxd2+ 30. Kc3 Rc2+ 31. Kd4 Bc5+ 32. Ke5 Rfe2+ 33.
Kxf5 Bxg1 34. g4 Rxb2 35. g5 Rxa2 36. Kg6 Rf2 37. f5 Ra5 38. f6 gxf6 39. gxf6 Raf5 40. f7 Rxf7 41. Kg5 R2f6 42. Kh5 Rg7 43. Kh4 Rh6# 0-1

[Event "Early-Titled-Tuesday-Blitz-February-13-2024"]
[Site "Chess.com"]
[Date "2024.02.13"]
[Round "2"]
[White "SirGerhard"]
[Black "Bilan_Danila"]
[Result "1-0"]
[WhiteElo "2802"]
[BlackElo "2567"]
[TimeControl "180+1"]
[EndTime "8:19:52 PST"]
[Termination "SirGerhard won by resignation"]

1. d4 d5 2. c4 c6 3. Nf3 Nf6 4. Nc3 e6 5. Bg5 Nbd7 6. e3 Be7 7. Bd3 dxc4 8. Bxc4 Nd5 9. Bxe7 Qxe7 10. O-O O-O 11.
Rc1 Nxc3 12. Rxc3 e5 13. Qc2 exd4 14. exd4 Nf6 15. Re1 Qd6 16. Rce3 Bg4 17. Qc3 b5 18. Bb3 Rfe8 19. Rxe8+ Rxe8 20. Rxe8+ Nxe8 21. Ne5 Be6 22. Qxc6 Qxc6 23. Nxc6 Bxb3 24. axb3 a6 25. Kf1 f6 26.
Ke2 Kf7 27. Kd3 Ke6 28. Kc3 Kd6 29. Nb4 Nc7 30. Kd3 a5 31. Nc2 Nd5 32. g3 f5 33. Ne3 Nb4+ 34. Kc3 g6 35. f3 Na2+ 36. Kd2 Nb4 37. g4 f4 38. Nc2 Nxc2 39. Kxc2 Kd5 40. Kd3 g5 41. b4 axb4 42. b3 h6 43. h3 Kd6 44. Ke4 Ke6 45. d5+ Kd6 46. Kd4 Kc7 47. Kc5 Kd7 48. Kxb5 Kd6 49. Kc4 Ke5 50. Kc5 Kf6 51. d6 Ke6 52. Kc6 1-0

[Event "Early-Titled-Tuesday-Blitz-February-13-2024"]
[Site "Chess.com"]
[Date "2024.02.13"]
[Round "2"]
[White "Philosopherrr"]
[Black "ChristianArca"]
[Result "1/2-1/2"]
[WhiteElo "2402"]
[BlackElo "2733"]
[TimeControl "180+1"]
[EndTime "8:19:52 PST"]
[Termination "Game drawn - insufficient material"]

1. e4 c6 2. Nf3 d5 3. e5 Bg4 4.
h3 Bxf3 5. Qxf3 e6 6. d4 c5 7.
c3 Nc6 8. Be3 Qb6 9. Nd2 cxd4 10.
cxd4 Nb4 11. Qd1 Rc8 12. Rc1 Rxc1 13. Qxc1 Ne7 14. a3 Nbc6 15. Qc3 Nf5 16. Nf3 Be7 17. Bd3 Nxe3 18. fxe3 O-O 19. O-O g6 20. b4 a5 21. b5 Na7 22. a4 Rc8 23. Qb2 Bb4 24. Rc1 Qd8 25. Kh2 Rxc1 26. Qxc1 Nc8 27. Qc2 Nb6 28. h4 Be7 29. Kh3 Kg7 30. g4 Bb4 31. h5 Qc8 32. Qf2 Be7 33. Bc2 Qc3 34. Qd2 Bb4 35.
Qxc3 Bxc3 36. hxg6 hxg6 37. Kg3 Nc4 38. Kf2 Bb2 39. Ke2 Bc1 40. e4 Nb6 41. Ne1 dxe4 42. Bxe4 Nxa4 43. Bxb7 Nc3+ 44. Kd3 Nxb5 45. Kc4 Na3+ 46.
Kb3 Nb5 47. Kc4 Nc7 48. Nd3 Be3 49. Nb2 Kh6 50. Kd3 Bg1 51. Bf3 Kg5 52. Bd1 Nb5 53. Nc4 Nxd4 54. Nxa5 Nc6 55. Nxc6 Kf4 56. Nd8 Kxe5 57.
Nxf7+ Kf4 58. Nh8 Kg5 59. Nf7+ Kf6 60. Nd6 Ke5 61. Ne4 Kf4 62. Nd2 Be3 63. Nc4 Bc5 64. Be2 e5 65. Bd1 e4+ 66. Kc3 Be7 67. Kd4 Bf6+ 68. Kd5 Bc3 69. Ke6 g5 70. Nd6 e3 71.
Nf7 Bd2 72. Kd5 Kg3 73. Nxg5 e2 74. Bxe2 Bxg5 75. Ke4 Kh4 76. Kf5 Bd2 77. g5 Bxg5 1/2-1/2

[Event "Early-Titled-Tuesday-Blitz-February-13-2024"]
[Site "Chess.com"]
[Date "2024.02.13"]
[Round "2"]
[White "Szparu"]
[Black "Der_Balak_3Halak"]
[Result "1-0"]
[WhiteElo "2800"]
[BlackElo "2455"]
[TimeControl "180+1"]
[EndTime "8:19:52 PST"]
[Termination "Szparu won by resignation"]

1. Nf3 Nf6 2. c4 e6 3. g3 d5 4. d4 c6 5. Nbd2 Nbd7 6. Bg2 Be7 7. Qc2 O-O 8. O-O b6 9. e4 dxe4 10. Nxe4 Bb7 11. Rd1 Rc8 12. Ne5 Nxe4 13. Bxe4 Nf6 14. Bg2 Qc7 15. Bf4 Nh5 16. Be3 c5 17. Bxb7 Qxb7 18. d5 Rfd8 19. Qe2 Nf6 20. Nc6 Re8 21. Qf3 exd5 22. Nxe7+ Qxe7 23. cxd5 Qe4 24. Qxe4 Nxe4 25. Rd3 c4 26. Ra3 Re7 27. Rd1 c3 28. bxc3 Rxc3 29.
Ra4 Rc8 30. d6 Re6 31. d7 Rd8 32. Rxa7 Nc3 33. Rd3 Nb5 34. Rb7 f5 35. Bxb6 Nd6 36.
Rxd6 Rxd6 37. Bxd8 Rd1+ 38. Kg2 Kf7 39. Bh4 g5 40.
d8=Q+ 1-0

[Event "Early-Titled-Tuesday-Blitz-February-13-2024"]
[Site "Chess.com"]
[Date "2024.02.13"]
[Round "2"]
[White "amiqu"]
[Black "lachesisQ"]
[Result "0-1"]
[WhiteElo "2050"]
[BlackElo "3050"]
[TimeControl "180+1"]
[EndTime "8:19:52 PST"]
[Termination "lachesisQ won on time"]

1. d4 g6 2. Nf3 Bg7 3. Bf4 d6 4. h3 Nd7 5. e3 Ngf6 6. Be2 O-O 7. O-O Qe8 8. Bh2 e5 9. c4 Ne4 10. a4 a5 11. Nbd2 Nxd2 12. Qxd2 b6 13. dxe5 Nxe5 14. Nxe5 Bxe5 15. Bxe5 Qxe5 16. Bf3 Rb8 17. Qd4 Re8 18. Rfd1 Kg7 19. Rd2 g5 20. Rad1 Bf5 21. Qxe5+ Rxe5 22. Rd5 Rbe8 23. R1d2 Bg6 24. g3 f6 25. Kg2 Bf7 26. R5d4 h5 27. Bd5 Bg6 28. Bc6 R8e7 29. g4 h4 30. Bd5 Be8 31. b3 Bg6 32. Bc6 Kf7 33. Bd5+ Ke8 34. Bc6+ Kd8 35. Bf3 Kd7 36. Kh2 Rc5 37. Kg2 Bh7 38. Bd5 c6 39. Bf3 Re6 40. Kh2 Kc7 41. Kg2 Bg6 42. Kh2 Rce5 43. Kg2 Bh7 44. Kh2 Be4 45. Bxe4 Rxe4 46. Rxe4 Rxe4 47. Kg2 Re5 48. Kf3 Kd7 49. Rd4 Rc5 50. Ke4 Ke6 51. f4 d5+ 52. Kd3 dxc4+ 53. Rxc4 Rd5+ 54. Rd4 b5 55. axb5 cxb5 56. Rxd5 Kxd5 57. fxg5 fxg5 58. Kc3 Ke4 59. Kd2 a4 60. bxa4 bxa4 0-1

[Event "Early-Titled-Tuesday-Blitz-February-13-2024"]
[Site "Chess.com"]
[Date "2024.02.13"]
[Round "2"]
[White "jup1978"]
[Black "Arystanner"]
[Result "0-1"]
[WhiteElo "2575"]
[BlackElo "2818"]
[TimeControl "180+1"]
[EndTime "8:19:53 PST"]
[Termination "Arystanner won by resignation"]

1. d4 Nf6 2. Nf3 e6 3. c4 b6 4. g3 Bb7 5. Bg2 Be7 6. O-O O-O 7. Re1 d5 8. cxd5 exd5 9. Nc3 Na6 10. Bf4 Ne4 11. Rc1 c5 12. h4 Nc7 13. dxc5 Nxc3 14. Rxc3 Bxc5 15. b4 Bd6 16. Bxd6 Qxd6 17. Ng5 Ne6 18.
Rd3 Nxg5 19. hxg5 Qxb4 20. Bxd5 Bxd5 21. Rxd5 Rfe8 22. e3 Rac8 23. Qd2 Qxd2 24. Rxd2 Rc5 25. f4 Ra5 26. Kf2 g6 27. Ree2 Kg7 28. Rd7 Re4 29.
Rc2 Re8 30. Rcc7 Rxa2+ 31. Kf3 Rf8 32. Rxa7 Rxa7 33. Rxa7 Rb8 34. g4 b5 35. f5 gxf5 36. gxf5 b4 37. Kf4 b3 38. Ra1 b2 39. Rb1 f6 40.
gxf6+ Kxf6 41. e4 Rb4 42. Ke3 h5 43. Kf4 h4 44. Kf3 Ke5 45. Ke3 h3 46. Kf3 Rb3+ 47. Kg4 h2 48. Kg5 h1=Q 49. Rxh1 b1=Q 50. Rxb1 Rxb1 51.
f6 Rg1+ 52. Kh6 Kxf6 0-1

[Event "Early-Titled-Tuesday-Blitz-February-13-2024"]
[Site "Chess.com"]
[Date "2024.02.13"]
[Round "2"]
[White "deribas12345"]
[Black "BardArtem"]
[Result "1-0"]
[WhiteElo "2578"]
[BlackElo "2776"]
[TimeControl "180+1"]
[EndTime "8:19:53 PST"]
[Termination "deribas12345 won by checkmate"]

1. d4 Nf6 2. c4 b6 3. f3 Bb7 4. e4 g6 5. e5 Ng8 6. Nc3 Bg7 7. Nh3 e6 8. Bg5 Ne7 9. Qd2 h6 10. Bh4 g5 11. Bf2 Nf5 12. Bd3 g4 13. Nf4 Nh4 14. O-O-O h5 15. Be4 Bxe4 16. Nxe4 Nc6 17. fxg4 hxg4 18. Rhf1 Nf5 19. h3 gxh3 20. g4 Nfe7 21.
Nh5 Kf8 22. Bh4 Rh7 23. Ng5 Rxh5 24. Rxf7+ Kg8 25. gxh5 Qe8 26. Rg1 Bh6 27. Rf6 Bg7 28. Nxe6 dxe6 29. h6 Nf5 30. hxg7 Qh5 31. Rxf5 Qxf5 32.
Bf6 Qh7 33. Rh1 b5 34. d5 exd5 35. cxd5 Rd8 36. d6 cxd6 37. Qd5# 1-0

[Event "Early-Titled-Tuesday-Blitz-February-13-2024"]
[Site "Chess.com"]
[Date "2024.02.13"]
[Round "2"]
[White "egnfanclub"]
[Black "ChainedDowntohell"]
[Result "1-0"]
[WhiteElo "2355"]
[BlackElo "2531"]
[TimeControl "180+1"]
[EndTime "8:19:53 PST"]
[Termination "egnfanclub won by resignation"]

1. e4 e6 2. d4 a6 3. c4 d5 4. exd5 exd5 5. Nc3 Nf6 6. Nf3 Bb4 7. Bd3 O-O 8. O-O dxc4 9. Bxc4 Nc6 10. a3 Bd6 11. h3 Bf5 12. Bg5 h6 13. Bh4 g5 14. Bg3 Bxg3 15. fxg3 Bg6 16. d5 Na5 17. Ba2 c5 18.
Kh2 Qd6 19. Qd2 Rfe8 20. Rad1 b5 21. b4 cxb4 22. axb4 Nc4 23. Bxc4 bxc4 24. Nd4 Re5 25. Nc6 Ree8 26. Qd4 Nh5 27. Qg4 Rac8 28. Rf2 Kh7 29. Rdf1 Rc7 30. Qf3 Kg8 31. Kg1 Nxg3 32. Rd1 Nf5 33.
Re2 Rxe2 34. Qxe2 Kg7 35. Qd2 Qe5 36. Re1 Qf6 37. Ne4 Qa1 38. Rxa1 1-0